 Dungeon Crawl Stone Soup version 0.18-a0-1784-ga939a68 (webtiles) character file.

416 Ijustatesigmund the Ruffian (level 6, 0/61 HPs)
             Began as a Troll Hunter on Apr 18, 2016.
             Slain by an orc priest
             ... wielding a +0 hand axe
              (3 damage)
             ... on level 3 of the Dungeon.
             The game lasted 00:05:04 (1771 turns).

Ijustatesigmund the Ruffian (Troll Hunter)          Turns: 1771, Time: 00:05:05

Health: 0/61       AC:  5    Str: 21    XL:     6   Next: 60%
Magic:  5/5        EV: 10    Int: 16    God:
Gold:   105        SH:  0    Dex: 15    Spells: 0 memorised, 5 levels left

rFire  . . .     SeeInvis .       - Unarmed
rCold  . . .     Gourm    +     b - +0 robe
rNeg   . . .     Faith    .     (no shield)
rPois  .         Spirit   .     (helmet restricted)
rElec  .         Dismiss  .     (no cloak)
rCorr  .         Reflect  .     (gloves unavailable)
SustAt .         Harm     .     (boots unavailable)
MR     .....                    (no amulet)
Stlth  +.........               n - +4 ring of intelligence
                                j - +3 ring of dexterity

@: brilliant, flying, not resistant to hostile enchantments, very unstealthy
A: unfitting armour, claws 3, fast metabolism 3, gourmand, regeneration 2,
shaggy fur 1, tough skin 2
a: no special abilities


You were on level 3 of the Dungeon.
You were very full.

You visited 1 branch of the dungeon, and saw 3 of its levels.

You collected 105 gold pieces.

Inventory:

Armour
 b - a +0 robe (worn)
 o - a +2 shield
Jewellery
 j - a +3 ring of dexterity (left claw)
 n - a +4 ring of intelligence (right claw)
Potions
 a - a potion of mutation
 e - a potion of curing
 k - a potion of flight
Comestibles
 f - 4 bread rations
 g - 2 meat rations
 i - 3 fruits
 l - a slice of pizza
 m - a beef jerky


   Skills:
 + Level 3.6 Fighting
 - Level 3.6 Throwing
 - Level 1.5 Dodging
 - Level 0.4 Stealth
 * Level 5.4 Unarmed Combat


You had 5 spell levels left.
You didn't know any spells.

Dungeon Overview and Level Annotations

Branches:
Dungeon (3/15)

Altars:
Nemelex Xobeh


Innate Abilities, Weirdness & Mutations

You are too large for most types of armour.
You have claws for hands.
Your metabolism is lightning-fast.
You like to eat raw meat.
You heal very quickly.
You are covered in fur (AC +1).
You have very tough skin (AC +2).


Message History

You scratch the orc priest.
The orc priest is heavily wounded.
The orc priest hits you but does no damage.
You scratch the orc priest but do no damage.
The orc priest is heavily wounded.
The orc wizard casts a spell.
The orc wizard flickers and vanishes!
Deactivating autopickup; reactivate with Ctrl-A.
The orc priest invokes the aid of Beogh against you.
Pain shoots through your body!
* * * LOW HITPOINT WARNING * * *
You aren't carrying any items that you can evoke.
Unknown command.
Drink which item? (? for menu, Esc to quit)
It was a potion of brilliance.
You feel clever all of a sudden.
The orc wizard gestures wildly while chanting.
The orc wizard blinks!
The orc priest hits you with a hand axe.
You die...

#.....# .#####
#.
###.#####.$.oo.
..
#.#...§o.%(oS
#. #.# #o# #.
#.###o# #.
#.##or# #.##{##
##########.##o#
#..........##@#
##.##########.#
#.# #.# #.# #.#
#.# #.#
#.##########.#
#............#
##############


You could see an orc priest, 3 orcs and a rat.

Vanquished Creatures
  Grinder (D:3)
  The ghost of barb4r1an the Slasher, an amateur DsGl (D:3)
  Jessica (D:2)
  Ijyb (D:2)
  3 adders
  A dart slug (D:2)
  3 worms (D:3)
  6 orcs (D:3)
  2 giant cockroaches
  A goblin (D:1)
  6 hobgoblins
  4 jackals (D:1)
  A ball python (D:1)
  5 bats
  3 giant newts
  6 kobolds
  6 rats
51 creatures vanquished.

Notes
Turn   | Place    | Note
--------------------------------------------------------------
     0 | D:1      | Ijustatesigmund the Troll Hunter began the quest for the Orb.
     0 | D:1      | Reached XP level 1. HP: 19/19 MP: 0/0
    55 | D:1      | Reached skill level 1 in Unarmed Combat
    67 | D:1      | Reached XP level 2. HP: 26/28 MP: 1/1
   526 | D:2      | Found a sparkling altar of Nemelex Xobeh.
   560 | D:2      | Noticed Jessica
   562 | D:2      | Killed Jessica
   562 | D:2      | Reached skill level 2 in Unarmed Combat
   562 | D:2      | Reached XP level 3. HP: 35/35 MP: 2/2
   930 | D:2      | Noticed Ijyb
   947 | D:2      | Killed Ijyb
   947 | D:2      | Reached skill level 3 in Unarmed Combat
   947 | D:2      | Reached XP level 4. HP: 39/44 MP: 3/3
  1397 | D:3      | Noticed barb4r1an's ghost (amateur DsGl)
  1410 | D:3      | Killed barb4r1an's ghost
  1410 | D:3      | Reached skill level 4 in Unarmed Combat
  1410 | D:3      | Reached XP level 5. HP: 26/52 MP: 4/4
  1747 | D:3      | Noticed Grinder
  1761 | D:3      | Killed Grinder
  1761 | D:3      | Reached skill level 5 in Unarmed Combat
  1761 | D:3      | Reached XP level 6. HP: 35/61 MP: 5/5
  1770 | D:3      | HP: 3/61 [orc priest/nerve-wracking pain (14)]
  1771 | D:3      | Slain by an orc priest

Vault maps used:
D:1:      lightli_arrival_lavapool, minmay_misc_feat_hallway
D:2:      lemuel_crystal_altar, grunt_decor_clamped, uniq_iyjb, uniq_jessica
D:3:      first_bread, nicolae_ru_path_of_blood, uniq_grinder

Skill      XL: |  1  2  3  4  5 |
---------------+----------------+-----
Unarmed Combat | 1 2 3 4 5 |  5.4
Fighting       | 2 3 |  3.6
Throwing       | |  3.6
Dodging        | |  1.5
Stealth        | |  0.4

Action                   |  1- 3 |  4- 6 || total
-------------------------+-------+-------++-------
Melee: Unarmed           |    85 |    93 ||   178
       Punch             |     1 |     1 ||     2
Throw: Large rock        |     1 |     5 ||     6
       Throwing net      |       |     2 ||     2
  Use: Scroll            |       |     2 ||     2
       Potion            |       |     3 ||     3
 Stab: Sleeping          |       |     2 ||     2
       Distracted        |       |     1 ||     1
  Eat: Chunk             |    10 |    10 ||    20
Armor: Robe              |    45 |    19 ||    64
Dodge: Dodged            |    63 |    42 ||   105
